Map: 2000 Atmospheres LE

Players

A.I. 1 (Easy)

  • Race: Protoss Protoss

QuietMind - Winner!

  • Race: Terran Terran

VOD

Have the link to the VOD?

Description

Time

  • Played on: Sept. 24, 2021, 12:26 a.m.
  • Length: 13:16
Show
View Real Time Build Order
Export as new Build Order

A.I. 1 (Easy) Protoss 

Build Orders: 1 Gate Expand, Nexus First 

Get SALT Encoding   

  12  0:00  Probe  
  13  0:13  Probe  
  14  0:19  Pylon  
  14  0:25  Probe  
  15  0:33  Probe  
  16  0:50  Gateway  
  16  1:05  Nexus  
  16  1:22  Pylon  
  16  1:25  Assimilator  
  16  1:28  Zealot  
  16  1:37  Probe  
  19  1:40  Cybernetics Core  
  19  1:49  Probe  
  20  1:56  Assimilator  
  20  1:58  Zealot  
  20  2:02  Probe  
  23  2:14  Probe  
  23  2:16  Pylon  
  24  2:23  Stalker  
  24  2:24  Warp Gate  
  24  2:26  Probe  
  24  2:27  Probe  
  28  2:59  Probe  
  28  3:04  Assimilator  
  29  3:08  Probe, Robotics Facility  
  30  3:14  Probe  
  30  3:17  Probe  
  31  3:22  Probe  
  32  3:27  Probe  
  32  3:30  Probe  
  33  3:39  Probe, Stalker  
  37  3:43  Probe  
  38  3:51  Probe  
  38  3:55  Probe  
  40  4:03  Probe  
  40  4:07  Probe  
  40  4:09  Pylon  
  42  4:11  Probe  
  43  4:17  Stalker  
  43  4:19  Probe x2  
  47  4:30  Observer  
  48  4:31  Probe  
  48  4:35  Pylon  
  48  4:36  Probe  
  50  4:43  Probe  
  51  4:48  Probe  
  51  4:51  Observer  
  53  4:54  Assimilator  
  53  4:55  Probe  
  54  5:00  Probe  
  54  5:04  Immortal, Pylon  
  54  5:08  Probe  
  54  5:10  Probe  
  60  5:18  Probe  
  60  5:20  Probe  
  61  5:27  Probe  
  62  5:32  Probe  
  64  5:39  Probe  
  65  5:43  Immortal  
  65  5:44  Probe  
  65  5:48  Pylon  
  70  6:32  Observer  
  69  9:40  Warp Prism  
  68  9:47  Gateway, Stalker  
  68  9:48  Forge  
  68  9:50  Robotics Bay  
  67  9:53  Stargate  
  67  9:56  Pylon  
  50  10:06  Zealot  
  50  10:08  Probe  
  37  10:20  Probe  
  37  10:21  Stalker  
  27  10:32  Probe  
  24  10:36  Zealot  
  8  10:51  Zealot  
Show
View Real Time Build Order
Export as new Build Order

QuietMind Terran - Winner!

Build Orders: Mech 

Get SALT Encoding   

  12  0:00  SCV  
  13  0:12  SCV  
  14  0:17  Supply Depot  
  14  0:24  SCV  
  15  0:39  SCV  
  15  0:40  Barracks  
  16  0:46  Refinery  
  16  0:51  SCV  
  17  1:03  SCV  
  18  1:15  SCV  
  19  1:26  Command Center  
  19  1:36  Orbital Command  
  19  1:39  Marine  
  20  1:50  Factory  
  20  2:00  Supply Depot  
  20  2:02  SCV  
  21  2:10  Refinery  
  21  2:11  Barracks Tech Lab  
  21  2:14  SCV  
  22  2:26  SCV  
  23  2:38  SCV  
  23  2:40  Orbital Command, Siege Tank  
  27  2:47  Bunker  
  27  2:49  Marine  
  27  2:51  SCV  
  29  2:57  Orbital Command  
  29  3:03  SCV  
  30  3:07  Marine  
  30  3:12  Siege Tank  
  34  3:15  SCV  
  34  3:17  Supply Depot  
  35  3:22  SCV  
  36  3:27  SCV  
  36  3:28  Marine  
  36  3:31  Armory  
  38  3:34  SCV  
  38  3:39  SCV, Supply Depot  
  40  3:45  Widow Mine  
  40  3:46  SCV  
  40  3:48  Marine  
  43  3:51  SCV  
  45  3:58  SCV  
  46  4:03  SCV  
  46  4:04  Command Center  
  46  4:08  Widow Mine  
  49  4:12  SCV, Supply Depot  
  49  4:14  Barracks Reactor  
  49  4:15  SCV  
  51  4:19  Factory  
  51  4:23  Engineering Bay  
  51  4:24  SCV  
  51  4:27  SCV  
  53  4:35  Thor  
  59  4:39  SCV  
  59  4:40  Supply Depot  
  59  4:41  SCV  
  61  4:51  SCV  
  62  4:53  SCV  
  62  4:59  Barracks Tech Lab  
  63  5:02  Refinery  
  63  5:03  SCV, Refinery, Supply Depot  
  63  5:05  SCV  
  65  5:08  Missile Turret  
  65  5:10  Missile Turret  
  65  5:14  Hellbat  
  65  5:15  Hellbat  
  65  5:16  SCV, Orbital Command  
  65  5:18  SCV  
  71  5:27  Thor  
  79  5:28  Marauder  
  79  5:30  Supply Depot  
  79  5:32  Orbital Command  
  79  5:35  SCV x2  
  81  5:41  Bunker  
  85  5:42  Hellbat  
  85  5:43  Hellbat  
  85  5:46  Terran Vehicle Weapons Level 1  
  85  5:47  SCV x2  
  87  5:55  Marauder  
  89  5:57  Missile Turret  
  89  5:59  SCV x2  
  91  6:04  Supply Depot  
  91  6:05  Hellbat x2  
  91  6:09  SCV  
  91  6:10  Thor  
  102  6:11  SCV x2  
  104  6:21  SCV  
  105  6:26  SCV x2, Supply Depot  
  105  6:27  Command Center  
  105  6:31  Supply Depot  
  109  6:33  Hellbat  
  109  6:34  SCV  
  109  6:35  Marauder  
  109  6:36  Hellbat  
  109  6:38  SCV  
  115  6:43  SCV  
  115  6:46  SCV, Factory  
  117  6:48  Supply Depot  
  117  6:50  SCV  
  117  6:53  Thor  
  124  6:56  SCV  
  124  6:58  SCV, Armory  
  124  7:00  Marauder  
  130  7:01  Hellbat  
  130  7:02  SCV  
  132  7:15  SCV x3  
  132  7:16  Supply Depot  
  132  7:17  Hellbat  
  138  7:23  Hellbat  
  138  7:24  Refinery x2  
  138  7:26  Supply Depot  
  138  7:27  SCV x2  
  138  7:28  SCV  
  141  7:36  Barracks Tech Lab  
  141  7:38  Thor  
  141  7:39  SCV  
  141  7:40  SCV x2, Hellbat, Supply Depot  
  141  7:42  Terran Vehicle And Ship Armor Level 1  
  141  7:43  Infernal Pre-Igniter  
  152  7:46  Supply Depot x2  
  152  7:56  Marauder, Thor  
  160  8:00  Terran Vehicle Weapons Level 2  
  160  8:01  SCV x3  
  160  8:02  Factory  
  160  8:04  Missile Turret  
  163  8:08  Hellbat x2  
  163  8:09  Command Center  
  163  8:11  Supply Depot  
  163  8:12  Planetary Fortress  
  167  8:13  SCV x3  
  170  8:20  Marauder  
  170  8:22  Thor  
  170  8:25  SCV x3  
  181  8:31  Hellbat x2  
  185  8:36  Factory  
  185  8:37  SCV x3  
  188  8:48  Thor  
  188  8:49  SCV x2  
  188  8:50  SCV  
  188  8:52  SCV  
  198  9:01  SCV  
  198  9:02  SCV  
  200  9:06  Hi-Sec Auto Tracking  
  200  9:09  Barracks Tech Lab  
  200  9:22  Refinery x2  
  200  9:32  Factory Reactor  
  197  9:41  Command Center  
  197  9:42  Command Center  
  197  9:44  Command Center  
  197  9:49  Starport  
  197  9:51  Factory  
  188  9:54  Factory  
  188  9:56  Factory x2  
  187  10:01  Terran Vehicle And Ship Armor Level 2  
  187  10:05  Neosteel Armor  
  186  10:22  Sensor Tower  
  186  10:24  Terran Vehicle Weapons Level 3  
  186  10:25  Sensor Tower  
  186  10:28  SCV, Starport Tech Lab  
  186  10:29  Thor, Fusion Core  
  186  10:30  Hellbat x2  
  186  10:31  Missile Turret, Hellbat  
  199  10:39  Factory Reactor  
  199  10:40  Factory Tech Lab x3  
  199  11:02  Planetary Fortress, Command Center  
  199  11:04  Orbital Command x2, Sensor Tower  
  199  11:05  Command Center x2  
  199  11:17  Weapon Refit  
  199  11:39  Starport  
  199  11:41  Planetary Fortress  
  199  11:42  Starport  
  199  11:45  Starport  
  199  11:48  Refinery x2  
  199  11:50  Command Center  
  199  11:54  Missile Turret  
  199  11:57  Refinery  
  199  11:58  Command Center x2  
  199  11:59  Command Center, Refinery  
  199  12:16  Starport  
  199  12:27  Orbital Command x3  
  199  12:33  Starport Tech Lab x3  
  199  12:42  Missile Turret  
  199  12:48  Missile Turret  
  199  12:50  Starport  
  199  12:51  Starport  
  199  12:54  Starport, Factory  
  199  12:56  Starport Tech Lab  
Tags
 
Add a new tag
Caveats
  • Supply blocks, unpowered buildings, or Contaminate may cause inaccurate times.
  • Supply counts are checked every 10 seconds.